 Dungeon Crawl Stone Soup version 0.21-a0-155-gb8a8bae (webtiles) character file.

14893 Memingway the Grappler (level 11, -4/115 HPs)
             Began as a Troll Fighter on Aug 3, 2017.
             Was an Elder of the Shining One.
             Slain by a ghost moth (6 damage)
             ... on level 2 of the Abyss.
             The game lasted 01:26:33 (11392 turns).

Memingway the Grappler (Troll Fighter)             Turns: 11392, Time: 01:26:35

Health: -4/115     AC:  6    Str: 29      XL:     11   Next: 94%
Magic:  0/10       EV: 16    Int:  2 (4)  God:    the Shining One [****..]
Gold:   835        SH: 13    Dex: 15 (17) Spells: 2/10 levels left

rFire    + . .     SeeInvis .     - Unarmed
rCold    + . .     Gourm    +   b - +1 shield
rNeg     + + +     Faith    .   J - +1 robe {rN+}
rPois    +         Spirit   .   (helmet restricted)
rElec    +         Reflect  .   (no cloak)
rCorr    +         Harm     .   (gloves unavailable)
MR       .....                  (boots unavailable)
Stlth    +.........             Q - amulet of regeneration
HPRegen  1.09/turn              B - +3 ring of strength
MPRegen  0.12/turn              X - ring of resist corrosion

@: agile, about to teleport, resistant, slowed, glowing, very slow
A: unfitting armour, claws 3, fast metabolism 3, gourmand, regeneration 1,
shaggy fur 1, tough skin 2
a: Divine Shield, Cleansing Flame, Renounce Religion


You were on level 2 of the Abyss.
You worshipped the Shining One.
The Shining One was greatly pleased with you.
You were not hungry.

You visited 3 branches of the dungeon, and saw 16 of its levels.
You visited the Abyss 1 time.
You also visited: Sewer.

You collected 835 gold pieces.

Inventory:

Hand Weapons
 a - a +0 blowgun
 Z - a +0 giant spiked club
Missiles
 u - 2 javelins
 v - 39 poisoned needles
 D - 10 large rocks (quivered)
 F - 21 tomahawks
Armour
 b - a +1 shield (worn)
 J - a +1 robe of positive energy (worn)
Jewellery
 A - an uncursed ring of wizardry
 B - a +3 ring of strength (left claw)
 Q - an amulet of regeneration (around neck)
 X - a ring of resist corrosion (right claw)
Wands
 c - a wand of acid (3/15)
 P - a wand of iceblast (4/15)
 R - a wand of confusion (23/48)
 T - a wand of paralysis (9/24)
 U - a wand of confusion (14/48)
Scrolls
 e - 3 scrolls of identify
 h - 3 scrolls of immolation
 i - a scroll of recharging
 k - 9 scrolls of remove curse
 n - a scroll of fog
 q - 7 scrolls of teleportation
 x - 2 scrolls of enchant armour
 C - a scroll of torment {unknown}
 G - 2 scrolls of amnesia
 H - 3 scrolls of enchant weapon
 K - 2 scrolls of fear
 O - 2 scrolls of blinking {unknown}
Potions
 f - 4 potions of mutation
 l - 2 potions of lignification
 m - a potion of brilliance {unknown}
 o - 3 potions of magic
 p - a potion of resistance
 s - 2 potions of curing
 w - 2 potions of haste
 z - 5 potions of flight
 E - 3 potions of agility
 I - a potion of might
 L - a potion of invisibility
 M - a potion of cancellation
 N - 2 potions of ambrosia
Books
 y - a book of Cantrips

   Spells                             Type                      Level
   a - Confusing Touch                Hexes                        1
   b - Animate Skeleton               Necromancy                   1
   c - Summon Small Mammal            Summoning                    1
   d - Apportation                    Translocation                1
Miscellaneous
 r - a fan of gales
 V - a phial of floods
Comestibles
 d - 11 bread rations
 g - 4 meat rations
 j - 18 fruits
 t - 17 royal jellies


   Skills:
 - Level 9.0 Fighting
 - Level 7.0 Throwing
 - Level 2.4 Dodging
 - Level 9.1 Shields
 + Level 10.9 Unarmed Combat


You had 2 spell levels left.
You knew the following spells:

 Your Spells              Type           Power        Failure   Level  Hunger
a - Apportation           Tloc           #.....       54%         1    ##.....
b - Shroud of Golubria    Chrm/Tloc      #.........   69%         2    ###....
c - Blink                 Tloc           N/A          69%         2    ###....
d - Confusing Touch       Hex            #.....       54%         1    ##.....
e - Swiftness             Chrm/Air       #.......     69%         2    ###....


Dungeon Overview and Level Annotations

Branches:
Dungeon (11/15)            Temple (1/1) D:4            Lair (4/6) D:10
  Swamp (0/4) Lair:2        Snake (0/4) Lair:4
    Orc: D:9-12

Altars:
Ashenzari
Cheibriados
Dithmenos
Elyvilon
Fedhas
Gozag
Hepliaklqana
Kikubaaqudgha
Makhleb
Nemelex Xobeh
Okawaru
Qazlal
Ru
Sif Muna
Trog
Uskayaw
Vehumet
Wu Jian
Xom
Yredelemnul
Zin
The Shining One

Annotations:
D:4 Musica's ghost, novice TeAE
D:7 exclusion: downstairs
D:8 exclusion: downstairs
Lair:1 Sonja
Lair:2 1 exclusion
Lair:3 exclusion: downstairs


Innate Abilities, Weirdness & Mutations

You are too large for most types of armour.
You have claws for hands.
Your metabolism is lightning-fast.
You like to eat raw meat.
Your natural rate of healing is unusually fast.
You are covered in fur. (AC +1)
You have very tough skin. (AC +2)


Message History

The ghost moth hits you. The ghost moth hits you!
* * * LOW HITPOINT WARNING * * *
The ghost moth stings you!
* * * LOW HITPOINT WARNING * * *
The ghost moth closely misses you. You block the ghost moth's attack.
The ghost moth stings you.
* * * LOW HITPOINT WARNING * * *
You feel agile all of a sudden. The ghost moth closely misses you.
The ghost moth hits you!
* * * LOW HITPOINT WARNING * * *
You feel dopey. You block the ghost moth's attack.
The ghost moth stares at you. The ghost moth hits you!
* * * LOW HITPOINT WARNING * * *
You feel dopey. The ghost moth hits you.
* * * LOW HITPOINT WARNING * * *
The ghost moth stings you.
You die...

## .# # #.# .
.##.### .#. #.#. .
# ....###.##.#.....
#. # #.#...#.#... #
#
.)..........###....
# #....
....#.......#.# #.
...#... .......
...# # .. #.##y.# #
...### . . #@#
##..#.... # .##..
### ##.##... # ..
.......##..y#. . ##
# ..... . .....#...
.# . ... # .......
..... .... .
...........## .# .
... .... .......# .
... #......# #
.....##........#..


You could see a ghost moth (invisible).

Vanquished Creatures
  2 two-headed ogres (D:9)
  A shadow wraith (Abyss:2)
  A cyclops (D:11)
  Joseph (D:8)
  Psyche (D:9)
  3 spiny frogs
  A komodo dragon (Lair:2)
  A blink frog (Lair:3)
  5 hippogriffs
  A shadow (D:9)
  3 wyverns
  20 yaks
  A basilisk (Lair:2)
  A hungry ghost (D:9)
  8 water moccasins
  Duvessa (D:7)
  Edmund (D:4)
  2 porcupines
  2 orc warriors
  2 sky beasts
  An ice beast (D:9)
  2 black bears
  A phantom (D:7)
  3 ogres
  3 centaurs (D:9)
  10 wolves
  5 crocodiles
  8 bullfrogs
  A wyvern skeleton (D:11)
  Dowan (D:7)
  6 howler monkeys
  5 crimson imps
  2 quasits
  A centaur zombie (D:11)
  3 hounds
  6 jellies
  A bullfrog skeleton (D:8)
  6 orc priests
  Ijyb (D:4)
  2 iguanas
  11 orc wizards
  3 hell rats (D:7)
  A worker ant (D:10)
  A hound zombie (D:6)
  A hound skeleton (D:8)
  2 howler monkey skeletons
  A worker ant zombie (D:11)
  4 gnolls (D:7)
  9 adders
  8 river rats (D:7)
  3 shadow imps (D:7)
  An ufetubus (Abyss:2)
  7 oozes
  An adder skeleton (D:5)
  2 dart slugs (D:2)
  2 leopard geckos
  28 orcs
  A ball python (D:6)
  9 bats
  A bat zombie (D:1)
  6 giant cockroaches
  7 goblins
  8 hobgoblins
  4 jackals
  10 quokkas
  A ball python zombie (D:1)
  4 frilled lizards
  7 kobolds
  A leopard gecko zombie (D:7)
  A quokka skeleton (D:5)
  22 rats
293 creatures vanquished.

Notes
Turn   | Place    | Note
-------+----------+-------------------------------------------
     0 | D:1      | Memingway the Troll Fighter began the quest for the Orb.
     0 | D:1      | Reached XP level 1. HP: 22/22 MP: 0/0
   234 | D:1      | Reached XP level 2. HP: 29/29 MP: 1/1
   991 | D:2      | Reached skill level 3 in Unarmed Combat
   991 | D:2      | Reached XP level 3. HP: 36/36 MP: 2/2
  1134 | D:2      | Found a shadowy altar of Dithmenos.
  1343 | D:2      | Reached XP level 4. HP: 45/45 MP: 3/3
  1407 | D:2      | Reached skill level 4 in Unarmed Combat
  1602 | D:3      | Found an iron altar of Okawaru.
  2175 | D:4      | Found a staircase to the Ecumenical Temple.
  2220 | D:3      | Reached XP level 5. HP: 53/53 MP: 4/4
  2569 | D:4      | Noticed Edmund
  2602 | D:4      | Killed Edmund
  2602 | D:4      | Reached skill level 5 in Unarmed Combat
  2602 | D:4      | Reached XP level 6. HP: 29/61 MP: 5/5
  2759 | D:4      | Noticed Musica's ghost (novice TeAE)
  2763 | D:4      | Noticed Ijyb
  2789 | D:4      | Killed Ijyb
  2953 | D:5      | Entered Level 5 of the Dungeon
  3298 | Temple   | Entered the Ecumenical Temple
  3346 | Temple   | Became a worshipper of the Shining One
  3766 | D:5      | Reached XP level 7. HP: 68/68 MP: 6/6
  3932 | D:6      | Found a glowing drain.
  3957 | Sewer    | Entered a sewer
  4035 | Sewer    | Reached skill level 1 in Throwing
  4437 | D:7      | Noticed Dowan
  4461 | D:7      | Killed Dowan
  4484 | D:7      | Noticed Duvessa
  4488 | D:7      | Killed Duvessa
  4488 | D:7      | Reached skill level 6 in Unarmed Combat
  4488 | D:7      | Reached XP level 8. HP: 69/78 MP: 7/7
  4530 | D:7      | Reached * piety under the Shining One
  4610 | D:7      | Noticed a hippogriff
  4620 | D:7      | Killed a hippogriff
  4710 | D:8      | Noticed Joseph
  4730 | D:7      | You fall through a shaft!
  4815 | D:9      | Reached skill level 5 in Shields
  4815 | D:9      | Reached skill level 7 in Unarmed Combat
  5035 | D:7      | Noticed a hippogriff
  5043 | D:7      | Killed a hippogriff
  5043 | D:7      | Reached skill level 5 in Fighting
  5501 | D:8      | Reached XP level 9. HP: 84/88 MP: 8/8
  5519 | D:8      | Killed Joseph
  5519 | D:8      | Reached skill level 8 in Unarmed Combat
  5804 | D:8      | Found a hide-covered altar of Uskayaw.
  5845 | D:8      | Reached ** piety under the Shining One
  5868 | D:8      | Found an opulent altar of Gozag.
  5869 | D:8      | Found a radiant altar of Vehumet.
  6181 | D:9      | Noticed a two-headed ogre
  6192 | D:8      | Found a deep blue altar of Sif Muna.
  6192 | D:8      | Found a hazy altar of Hepliaklqana.
  6268 | D:8      | Reached skill level 9 in Unarmed Combat
  6860 | D:10     | Entered Level 10 of the Dungeon
  7044 | D:9      | Reached XP level 10. HP: 86/102 MP: 9/9
  7157 | D:9      | Noticed Psyche
  7160 | D:9      | Killed Psyche
  7200 | D:9      | Noticed a two-headed ogre
  7203 | D:9      | Killed a two-headed ogre
  7203 | D:9      | Reached skill level 5 in Throwing
  7245 | D:9      | Killed a two-headed ogre
  7909 | D:9      | Reached skill level 10 in Unarmed Combat
  8100 | D:10     | Found a staircase to the Lair.
  8416 | D:11     | Noticed a cyclops
  8418 | D:11     | Killed a cyclops
  8443 | D:11     | Reached *** piety under the Shining One
  8465 | D:11     | Reached XP level 11. HP: 111/111 MP: 10/10
  8733 | D:11     | Noticed a seven-headed hydra
  8901 | Lair:1   | Entered Level 1 of the Lair of Beasts
  8923 | Lair:1   | Noticed Sonja
  9484 | Lair:2   | Found a staircase to the Swamp.
  9781 | Lair:2   | You fall through a shaft!
 10265 | Lair:4   | Noticed a seven-headed hydra
 10492 | Lair:3   | Learned a level 1 spell: Apportation
 10495 | Lair:3   | Learned a level 2 spell: Shroud of Golubria
 10498 | Lair:3   | Learned a level 2 spell: Blink
 10500 | Lair:3   | Learned a level 1 spell: Confusing Touch
 10503 | Lair:3   | Learned a level 2 spell: Swiftness
 10534 | Lair:3   | Reached **** piety under the Shining One
 10627 | Lair:4   | Found a staircase to the Snake Pit.
 11332 | Lair:1   | Cast into level 2 of the Abyss (Sonja)
 11371 | Abyss:2  | Noticed a ghost moth
 11378 | Abyss:2  | Noticed a shadow wraith
 11388 | Abyss:2  | Killed a shadow wraith
 11392 | Abyss:2  | HP: 2/115 [ghost moth (6)]
 11392 | Abyss:2  | Slain by a ghost moth

Vault maps used:
D:1:      saegor_arrival_fortress, minivault_27, minmay_misc_feat_plants
D:2:      grunt_dithmenos_smoke, first_bread
D:3:      okawaru_ov_weapons_minmay
D:4:      minmay_temple_entry_from_below_a, corexii_checkpoint_a, uniq_edmund,
          uniq_ijyb
D:6:      portal_sewer_entry_c
D:7:      lemuel_ratsnest, uniq_duvessa
D:8:      grunt_temple_overflow_open, gammafunk_temple_overflow_elements,
          uniq_joseph
D:9:      uniq_psyche
D:10:     lemuel_flame_loot_2, david_lair_generic,
          hangedman_little_slice_of_home, mumra_transporter_accident
D:11:     orc_0_dummy, minmay_misc_feat_square
Temple:   eino_temple_rhombus
Lair:1:   uniq_sonja
Lair:2:   swamp_mist_pool, patterned_corridor, infiniplex_staircase_pool
Lair:3:   beast_lair_carwin_10, serial_bayou_shore_b
Lair:4:   dummy_snake_entry, infiniplex_staircase_pool_2, uniq_rupert
Sewer:    sewer_the_crocodile

Skill      XL: |  1  2  3  4  5  6  7  8  9 10 11 |
---------------+----------------------------------+-----
Unarmed Combat | 3 4 5 6 7 9 10 | 10.9
Fighting       | 3 4 5 7 8 9 |  9.0
Shields        | 4 5 6 7 9 |  9.1
Throwing       | 3 5 7 |  7.0
Dodging        | |  2.4

Action                   |  1- 3 |  4- 6 |  7- 9 | 10-12 || total
-------------------------+-------+-------+-------+-------++-------
Melee: Unarmed           |   100 |   138 |   259 |   280 ||   777
       Giant spiked club |       |       |       |    24 ||    24
 Fire: Blowgun           |       |     5 |       |       ||     5
Throw: Large rock        |       |       |     5 |    24 ||    29
       Javelin           |       |       |     6 |     3 ||     9
Invok: Divine Shield     |       |       |       |     3 ||     3
  Use: Scroll            |       |     9 |     5 |    15 ||    29
       Potion            |       |     2 |       |     7 ||     9
  Eat: Chunk             |    18 |    22 |    30 |    38 ||   108
Armor: Robe              |    30 |    25 |    39 |    46 ||   140
Dodge: Dodged            |    35 |    33 |    58 |    85 ||   211
Block: Shield            |    43 |    48 |   112 |   143 ||   346
